 Dungeon Crawl Stone Soup version 0.28-a0-1613-gdaab1c2f9b (webtiles) character file.

Game seed: 18371222221131275444

1755 Clumpoid the Basher (level 8, 0/58 HPs)
             Began as a Demonspawn Fighter on Jan 21, 2022.
             Was a Follower of Cheibriados.
             Slain by a two-headed ogre (10 damage)
             ... on level 6 of the Dungeon.
             The game lasted 00:06:17 (5571 turns).

Clumpoid the Basher (Demonspawn Fighter)            Turns: 5571, Time: 00:06:18

Health: 0/58       AC: 10    Str: 20    XL:     8   Next: 78%
Magic:  8/8        EV:  9    Int: 13    God:    Cheibriados [*.....]
Gold:   359        SH:  8    Dex: 16    Spells: 7/7 levels left

rFire   + . .      SeeInvis .   a - +1 flail
rCold   + . .      Faith    .   l - +3 warlock's mirror {reflect}
rNeg    . . .      Spirit   .   b - +0 scale mail
rPois   +          Reflect  +   p - +0 helmet
rElec   .          Harm     .   q - scarf {rC+ rF+}
rCorr   .          Rampage  .   (no gloves)
Will    .....      Rnd*Tele +   (no boots)
Stlth   ..........              (no amulet)
HPRegen 0.19/turn               m - ring of wizardry
MPRegen 0.11/turn               v - ring of poison resistance

@: mighty, very slow
A: hooves 2, thin metallic scales 1, powered by pain 2, spiny 1, agile 1, sense
surroundings 1, teleportitis 1
a: Renounce Religion, Bend Time


You were on level 6 of the Dungeon.
You worshipped Cheibriados.
Cheibriados was aware of your devotion.
You visited 2 branches of the dungeon, and saw 7 of its levels.

You collected 359 gold pieces.

Inventory:

Hand Weapons
 a - a +1 flail (weapon)
Armour
 b - a +0 scale mail (worn)
 c - a +1 buckler
 l - the +3 warlock's mirror (worn) {reflect}
   (You acquired it on level 4 of the Dungeon)

   It can block and reflect piercing ranged attacks and magical attacks against
   the wielder's willpower.
 p - a +0 helmet (worn)
 q - a scarf of resistance (worn)
Jewellery
 h - a ring of ice
 m - a ring of wizardry (left hand)
 v - a ring of poison resistance (right hand)
Wands
 d - a wand of polymorph (1)
Scrolls
 f - 2 scrolls of blinking {unknown}
 n - a scroll of vulnerability {unknown}
 o - 2 scrolls of enchant armour
 s - 2 scrolls of amnesia {unknown}
Potions
 e - 2 potions of flight
 i - 2 potions of attraction
 j - a potion of brilliance
 k - 2 potions of lignification
 r - 2 potions of degeneration {unknown}
 t - a potion of haste {unknown}
 u - a potion of might
 w - 3 potions of curing {unknown}


   Skills:
 - Level 3.0 Fighting
 * Level 9.2 Maces & Flails
 + Level 4.5 Armour
 + Level 4.5 Shields


You had 7 spell levels left.
You didn't know any spells.
Your spell library contained the following spells:

 Spells                   Type           Power      Damage    Failure   Level
 Magic Dart               Conj           0%         1d3       38%         1
 Sting                    Tmut/Pois      0%         1d3       38%         1
 Poisonous Vapours        Pois/Air       0%         N/A       52%         2
 Searing Ray              Conj           0%         2d4       52%         2
 Fulminant Prism          Conj/Hex       0%         3d6       98%         4
 Olgreb's Toxic Radiance  Pois           0%         N/A       98%         4
 Alistair's Intoxication  Tmut/Pois      0%         N/A       100%        5
 Borgnjor's Vile Clutch   Necr/Erth      0%         N/A       100%        5
 Eringya's Noxious Bog    Tmut/Pois      0%         N/A       100%        6


Dungeon Overview and Level Annotations

Branches:
Dungeon (6/15)             Temple (1/1) D:5

Altars:
Ashenzari
Cheibriados
Dithmenos
Elyvilon
Gozag
Hepliaklqana
Makhleb
Okawaru
Qazlal
Ru
Sif Muna
Trog
Uskayaw
Wu Jian
Yredelemnul
Zin
The Shining One


Innate Abilities, Weirdness & Mutations

You have hoof-like feet.
You are partially covered in thin metallic scales. (AC +2)
You sometimes gain power by taking damage.
You are partially covered in sharp spines.
You are agile. (Dex +2)
You passively map a small area around you.
You are occasionally teleported next to monsters.


Message History

a +0 dagger; a +0 robe; an orc corpse You hit the ogre.
The ogre is lightly wounded.
You sock the ogre! You kick the ogre.
The ogre is heavily wounded.
The ogre hits you with a +0 giant club!
* * * LOW HITPOINT WARNING * * *
You focus on the pain.
You feel very mighty all of a sudden.
You thump the ogre!
The ogre is almost dead.
A gnoll comes into view. It is wielding a +2 halberd of venom.
You block the ogre's attack.
You bludgeon the ogre!!
You kill the ogre!
Cheibriados appreciates the change of pace.
A two-headed ogre comes into view.
It is wielding a +0 giant club and a +0 giant spiked club.
Aiming: Polymorph
Press: ? - help, Shift-Dir - straight line, f - two-headed ogre
Aim: a two-headed ogre, wielding a +0 giant club and a +0 giant spiked club (will become a deep troll, a floating eye, or a cyclops, chance to affect: 31%)
The two-headed ogre easily resists.
Aiming: Polymorph
Press: ? - help, Shift-Dir - straight line, f/p - two-headed ogre
Aim: a two-headed ogre, wielding a +0 giant club and a +0 giant spiked club (will become a deep troll, a floating eye, or a cyclops, chance to affect: 31%)
Okay, then.
Okay, then.
You feel much better.
A gnoll shaman comes into view. It is wielding a +0 whip.
You barely miss the two-headed ogre.
The gnoll shaman shouts!
You hear a shout!
The two-headed ogre closely misses you.
The two-headed ogre hits you with a +0 giant spiked club!!
* * * LOW HITPOINT WARNING * * *
You focus on the pain.
You feel your power returning.
You sock the two-headed ogre! You kick the two-headed ogre.
The two-headed ogre is moderately wounded.
You hit the two-headed ogre. You kick the two-headed ogre!
The two-headed ogre is heavily wounded.
The two-headed ogre hits you with a +0 giant club!
You die...

, ......, , ,. * ≈ ≈≈≈...
≈ ≈ ≈≈≈ ≈ ≈≈≈..., ≈≈ ≈≈≈≈
≈ ≈≈≈≈... ≈≈ ≈≈≈ ≈ , ,
,.g. .. , * , *
#.######.#### *
#.g)))).....#
.#########O#####.##... ,
* .#.........@# *,# * *
.......###..# , * ≈
§≈≈≈≈≈......# **
....≈..##.##
..≈.#####.§..##.#
..§.....#.≈.....# #######
.§≈.#._.#.≈..######.<...#
*
..§.#.....§......##.....#
**
..≈.#####§≈.......†.....#


You could see a two-headed ogre, a gnoll shaman and a gnoll.

Vanquished Creatures
  Sigmund (D:3)
  Eustachio (D:4)
  A necrophage (D:4)
  2 sky beasts
  3 ogres (D:6)
  Blork the orc (D:4)
  A scorpion (D:5)
  A wyvern skeleton (D:6)
  2 howler monkeys (D:6)
  A jelly (D:5)
  3 bullfrog zombies
  4 hounds
  A gnoll shaman (D:6)
  2 bullfrog skeletons
  4 orc priests
  An iguana (D:5)
  A centaur skeleton (D:4)
  An orc wizard (D:6)
  A hound zombie (D:5)
  4 adders
  5 dart slugs
  10 orcs
  10 ball pythons
  3 endoplasms
  2 giant cockroaches (D:1)
  13 goblins
  13 hobgoblins
  14 jackals
  2 quokkas
  3 bats (D:1)
  2 frilled lizards
  5 kobolds
  2 rats (D:3)
120 creatures vanquished.

Vanquished Creatures (others)
  2 plants (D:1)
2 creatures vanquished.

Grand Total: 122 creatures vanquished

Notes
Turn   | Place    | Note
-------+----------+-------------------------------------------
     0 | D:1      | Clumpoid the Demonspawn Fighter began the quest for the
                  | Orb.
     0 | D:1      | Reached XP level 1. HP: 18/18 MP: 1/1
    54 | D:1      | Reached skill level 2 in Maces & Flails
   232 | D:1      | Gained mutation: You sometimes gain a little power by
                  | taking damage. [demonic ancestry]
   232 | D:1      | Reached XP level 2. HP: 22/24 MP: 2/2
   595 | D:1      | Reached skill level 3 in Maces & Flails
  1157 | D:2      | Gained mutation: You sometimes gain power by taking damage.
                  | [demonic ancestry]
  1157 | D:2      | Reached XP level 3. HP: 25/29 MP: 3/3
  1415 | D:2      | Found a faded altar of an unknown god.
  1487 | D:2      | Prayed at the altar of an unknown god.
  1487 | D:2      | Became a worshipper of Sif Muna the Loreminder
  1487 | D:2      | Reached * piety under Sif Muna
  1788 | D:3      | Reached skill level 4 in Maces & Flails
  1788 | D:3      | Gained mutation: You have large cloven feet. [demonic
                  | ancestry]
  1788 | D:3      | Reached XP level 4. HP: 26/35 MP: 4/4
  2118 | D:3      | Noticed Sigmund
  2131 | D:3      | Killed Sigmund
  2132 | D:3      | Reached skill level 5 in Maces & Flails
  2132 | D:3      | Gained mutation: You are partially covered in thin metallic
                  | scales. (AC +2) [demonic ancestry]
  2132 | D:3      | Reached XP level 5. HP: 18/41 MP: 5/5
  3008 | D:4      | Noticed Blork the orc
  3019 | D:4      | Killed Blork the orc
  3020 | D:4      | Reached skill level 6 in Maces & Flails
  3020 | D:4      | Reached XP level 6. HP: 18/47 MP: 6/6
  3242 | D:4      | Noticed Eustachio
  3292 | D:4      | Gained mutation: You are agile. (Dex +2) [potion of
                  | mutation]
  3292 | D:4      | Gained mutation: You passively map a small area around you.
                  | [potion of mutation]
  3292 | D:4      | Gained mutation: You are occasionally teleported next to
                  | monsters. [potion of mutation]
  3595 | D:4      | Identified the +1 helmet of the Spheres {rF- Will+++ Str-5
                  | Int+6}
  3624 | D:4      | Killed Eustachio
  3625 | D:4      | Reached skill level 7 in Maces & Flails
  3625 | D:4      | Gained mutation: You have hoof-like feet. [demonic
                  | ancestry]
  3625 | D:4      | Reached XP level 7. HP: 41/52 MP: 7/7
  3828 | D:4      | Reached ** piety under Sif Muna
  4431 | D:4      | Identified a scroll of acquirement
  4431 | D:4      | Acquired the +3 warlock's mirror {reflect}
  4431 | D:4      | Found the +3 warlock's mirror {reflect}
  4481 | D:5      | Entered Level 5 of the Dungeon
  4759 | D:5      | Reached skill level 8 in Maces & Flails
  4940 | D:5      | Found a staircase to the Ecumenical Temple.
  4945 | D:5      | Gained mutation: You are partially covered in sharp spines.
                  | [demonic ancestry]
  4945 | D:5      | Reached XP level 8. HP: 39/58 MP: 8/8
  4948 | Temple   | Entered the Ecumenical Temple
  5077 | Temple   | Fell from the grace of Sif Muna
  5077 | Temple   | Became a worshipper of Cheibriados the Contemplative
  5411 | D:6      | Found a hide-covered altar of Uskayaw.
  5521 | D:6      | Reached * piety under Cheibriados
  5526 | D:6      | Reached skill level 9 in Maces & Flails
  5565 | D:6      | Noticed a two-headed ogre
  5571 | D:6      | Slain by a two-headed ogre

Illustrated notes

Levels and vault maps discovered:
D:1:      sevenhm_arrival_forest_fort_small_4, layout_basic, serial_bayou_ford_a
D:2:      layout_rooms, chequers_ecumenical_altar_simple_redux
D:3:      layout_basic, uniq_sigmund
D:4:      cheibrodos_greedy_goblins, layout_basic,
          kennysheep_opposing_triangles, uniq_eustachio, uniq_blork_the_orc
D:5:      layout_rooms, minmay_temple_entry_proselytizer,
          minmay_misc_feat_roman, lemuel_another_geyser
D:6:      lemuel_castle_with_subvaults [lemuel_castle_interior_original],
          layout_loops_cross, mainiacjoe_overflow_brackets
Temple:   eino_wide_crystal_templ

Skill      XL: |  1  2  3  4  5  6  7  8 |
---------------+-------------------------+-----
Maces & Flails | 2 3 4 5 6 7 8 9 |  9.2
Armour         | 3 4 |  4.5
Shields        | 3 4 |  4.5
Fighting       | |  3.0

Action                   |  1- 3 |  4- 6 |  7- 9 || total
-------------------------+-------+-------+-------++-------
Melee: Flail             |   128 |   111 |   170 ||   409
       Kick              |       |    20 |    49 ||    69
Evoke: Wand              |       |       |     1 ||     1
  Use: Scroll            |     5 |     5 |     3 ||    13
       Potion            |     1 |     5 |     1 ||     7
 Stab: Distracted        |       |     1 |       ||     1
       Confused          |       |       |     1 ||     1
Armor: Scale mail        |    66 |    83 |    56 ||   205
Dodge: Dodged            |    58 |    67 |    77 ||   202
Block: Buckler           |    36 |    43 |    68 ||   147
       Reflection        |       |       |     2 ||     2

Table legend: (Time is in decaauts)
 A = Elapsed time spent in this place.
 B = Non-inter-level travel time spent in this place.
 C = Inter-level travel time spent in this place.
 D = Time resting spent in this place.
 E = Time spent auto-exploring this place.
 F = Levels seen in this place.
 G = Mean time per level.
                   A        B        C        D        E       F      G
               +--------+--------+--------+--------+--------+-----+--------+
         Total |   5753 |   5592 |    161 |    973 |   3684 |   7 |  821.9 |
       Dungeon |   5610 |   5462 |    148 |    973 |   3571 |   6 |  935.0 |
        Temple |    143 |    130 |     13 |      0 |    113 |   1 |  143.0 |
               +--------+--------+--------+--------+--------+-----+--------+

Top non-repeatable levels by time:
     D:4: 1699 daAuts
     D:1: 1135 daAuts
     D:3: 1074 daAuts
     D:5: 802 daAuts
     D:2: 670 daAuts
     D:6: 228 daAuts
  Temple: 143 daAuts
